 Dungeon Crawl Stone Soup version 0.19-a0-1032-g6b228a8 (webtiles) character file.

65 FitzyFitz the Slasher (level 4, -1/35 HPs)
             Began as a Formicid Abyssal Knight on July 29, 2016.
             Was a Believer of Lugonu.
             Slain by an adder (5 damage)
             ... on level 3 of the Dungeon.
             The game lasted 00:06:41 (2364 turns).

FitzyFitz the Slasher (Formicid Abyssal Knight)     Turns: 2364, Time: 00:06:42

Health: -1/35      AC:  3    Str: 16    XL:     4   Next: 34%
Magic:  5/5        EV: 11    Int: 13    God:    Lugonu [**....]
Gold:   112        SH:  0    Dex: 10    Spells: 0 memorised, 3 levels left

rFire  . . .     SeeInvis +     a - +1 falchion
rCold  . . .     Gourm    .     f - +0 leather armour
rNeg   . . .     Faith    .     (no shield)
rPois  .         Spirit   .     (helmet unavailable)
rElec  .         Dismiss  .     (no cloak)
rCorr  .         Reflect  .     (no gloves)
SustAt .         Harm     .     (no boots)
MR     .....                    d - amulet of inaccuracy (curse)
Stlth  +.........               (no ring)
                                (no ring)

@: not resistant to hostile enchantments, very unstealthy
A: permanent stasis, dig shafts and tunnels, four strong arms, antennae 3,
hooves 1, mutation resistance 1
a: Dig, Shaft Self, Depart the Abyss, Bend Space, Renounce Religion


You were on level 3 of the Dungeon.
You worshipped Lugonu.
Lugonu was pleased with you.
You were hungry.

You visited 1 branch of the dungeon, and saw 3 of its levels.
You visited the Abyss 1 time.

You collected 112 gold pieces.

Inventory:

Hand Weapons
 a - a +1 falchion (weapon)
 b - a +0 hunting sling
 r - a +0 rapier
Missiles
 g - 117 stones (quivered)
 i - 60 sling bullets
 j - 39 bolts
 m - 18 poisoned needles
 n - 4 needles of confusion
Armour
 f - a +0 leather armour (worn)
Jewellery
 d - a cursed amulet of inaccuracy (around neck)
Scrolls
 e - a scroll of magic mapping {unknown}
 q - a scroll of remove curse {unknown}
Potions
 o - 2 potions of ambrosia
Comestibles
 c - 2 bread rations
 k - a beef jerky
 p - a royal jelly


   Skills:
 - Level 3.2 Fighting
 + Level 4.2 Long Blades
 - Level 2.1 Armour
 - Level 0.8 Dodging
 - Level 2.1 Invocations


You had 3 spell levels left.
You didn't know any spells.

Dungeon Overview and Level Annotations

Branches:
Dungeon (3/15)

Altars:
Nemelex Xobeh


Innate Abilities, Weirdness & Mutations

You are under a permanent stasis effect.
You can dig through walls and to a lower floor.
Your four strong arms can wield two-handed weapons with a shield.
You have a pair of large antennae on your head. (SInv)
You have large cloven feet.
You are somewhat resistant to further mutation.


Message History

The adder is heavily wounded.
You feel sick. The adder misses you. The adder bites you.
* * * LOW HITPOINT WARNING * * *
You miss the adder.
The adder is heavily wounded.
The adder barely misses you.
You riposte.
You completely miss the adder. Your kick misses the adder.
The adder is heavily wounded.
You feel better. The adder bites you.
* * * LOW HITPOINT WARNING * * *
You barely miss the adder.
The adder is heavily wounded.
You hear the brisk rusting of a distant drain.
The adder bites you.
* * * LOW HITPOINT WARNING * * *
The adder misses you.
You hit the adder. Your kick misses the adder.
The adder is almost dead.
The adder bites you.
You die...

##..............#
#................#
#................#
#................#
#................#
#...<............#
#................# ##
#...S@.........# ##.
#.......##.....######..
...########.#######.....
# #.## #...###.
###..####.##....
#.......#.##.#..
#............#.#
#.........###..#
..#........## #.##


You could see an adder.

Vanquished Creatures
  2 worms (D:2)
  2 dart slugs (D:2)
  3 giant geckos
  4 orcs (D:3)
  3 bats
  3 giant cockroaches (D:1)
  6 goblins
  6 hobgoblins
  3 kobolds
  A quokka (D:3)
  A ball python (D:3)
  A giant newt (D:3)
  11 rats
46 creatures vanquished.

Notes
Turn   | Place    | Note
-------+----------+-------------------------------------------
     0 | Abyss:1  | FitzyFitz the Formicid Abyssal Knight began the quest for the Orb.
     0 | Abyss:1  | Reached XP level 1. HP: 18/18 MP: 2/2
    73 | D:1      | Escaped the Abyss
   175 | D:1      | Reached XP level 2. HP: 11/24 MP: 3/3
   384 | D:1      | Reached skill level 3 in Long Blades
   588 | D:1      | Reached ** piety under Lugonu
   588 | D:1      | Reached XP level 3. HP: 28/29 MP: 4/4
   936 | D:1      | Gained mutation: You have large cloven feet. [potion of mutation]
   936 | D:1      | Gained mutation: You are somewhat resistant to further mutation. [potion of mutation]
  1262 | D:2      | Found a sparkling altar of Nemelex Xobeh.
  1974 | D:3      | Reached XP level 4. HP: 35/35 MP: 5/5
  1976 | D:3      | Reached skill level 4 in Long Blades
  2364 | D:3      | Slain by an adder

Vault maps used:
D:1:      shiori_shiawase, minmay_pentomino_o4
D:2:      first_bread, kennysheep_decorative_pillar, kennysheep_flooded_box,
          nemelex_diamond_rough_becter
D:3:      overflow_temple_1_default, portal_sewer_entry_d

Skill      XL: |  1  2  3  4 |
---------------+-------------+-----
Long Blades    | 3 4 |  4.2
Fighting       | |  3.2
Armour         | |  2.1
Dodging        | |  0.8
Invocations    | |  2.1

Action                   |  1- 3 |  4- 6 || total
-------------------------+-------+-------++-------
Melee: Falchion          |   111 |    70 ||   181
       Kick              |    14 |     6 ||    20
 Fire: Hunting sling     |     3 |       ||     3
  Use: Scroll            |     5 |     1 ||     6
       Potion            |     2 |     1 ||     3
  Eat: Chunk             |     3 |     1 ||     4
Armor: Leather armour    |    17 |    11 ||    28
       Skin              |    20 |    69 ||    89
Dodge: Dodged            |    48 |    39 ||    87
